 Dungeon Crawl Stone Soup version 0.24-a0-92-g7d8ec57 (webtiles) character file.

Game seed: 14596105555002431337

5298 Borgoz the Cleaver (level 10, -1/61 HPs)
             Began as a Gargoyle Fighter on Feb 9, 2019.
             Was an Elder of Okawaru.
             Slain by an ogre
             ... wielding a +0 giant club
              (21 damage)
             ... on level 9 of the Dungeon.
             The game lasted 00:21:14 (9372 turns).

Borgoz the Cleaver (Gargoyle Fighter)               Turns: 9372, Time: 00:21:15

Health: -1/61      AC: 25    Str: 22    XL:     10   Next: 63%
Magic:  11/11      EV:  7    Int:  9    God:    Okawaru [****..]
Gold:   298        SH: 11    Dex: 13    Spells: 9/9 levels left

rFire    + . .     SeeInvis .   a - +0 war axe
rCold    . . .     Gourm    .   c - +0 shield
rNeg     + . .     Faith    .   j - +0 plate armour (curse)
rPois    ∞         Spirit   .   (no helmet)
rElec    +         Reflect  .   H - +0 cloak
rCorr    +         Harm     .   D - +1 pair of gloves
MR       .....                  (no boots)
Stlth    ..........             (no amulet)
HPRegen  0.20/turn              e - ring of protection from fire
MPRegen  0.12/turn              x - ring of the Octopus King {rCorr AC+1 EV+1 Str+1 Int+1 Dex+1}

@: no status effects
A: negative energy resistance 1, electricity resistance, unbreathing,
petrification resistance, rot immunity, AC +7
a: Heroism, Renounce Religion


You were on level 9 of the Dungeon.
You worshipped Okawaru.
Okawaru was greatly pleased with you.
You were not hungry.

You visited 2 branches of the dungeon, and saw 10 of its levels.
You also visited: Bailey.

You collected 298 gold pieces.

Inventory:

Hand Weapons
 a - a +0 war axe (weapon)
 b - a +1 whip of flaming
 E - a +0 arbalest
 G - a +4 quarterstaff of chaos
Missiles
 z - 6 throwing nets (quivered)
 F - 207 bolts
Armour
 c - a +0 shield (worn)
 j - a cursed +0 plate armour (worn)
 B - a +2 ring mail of positive energy
 C - a +0 leather armour of positive energy
 D - a +1 pair of gloves (worn)
 H - a +0 cloak (worn)
Jewellery
 e - a ring of protection from fire (left hand)
 p - an uncursed ring of fire
 x - a ring of the Octopus King (right hand) {rCorr AC+1 EV+1 Str+1 Int+1 Dex+1}
   (You found it on level 4 of the Dungeon)

   [ring of resist corrosion]

   It affects your AC (+1).
   It affects your evasion (+1).
   It affects your strength (+1).
   It affects your intelligence (+1).
   It affects your dexterity (+1).
 J - an uncursed ring of ice
Wands
 i - a wand of clouds (4)
 A - a wand of iceblast (9)
 I - a wand of scattershot (5)
Scrolls
 d - 2 scrolls of amnesia {unknown}
 g - 4 scrolls of teleportation {unknown}
 l - 2 scrolls of blinking {unknown}
 m - 3 scrolls of remove curse {unknown}
 n - a scroll of random uselessness {unknown}
 o - 3 scrolls of enchant armour {unknown}
 q - 2 scrolls of fog {unknown}
 u - 2 scrolls of fear {unknown}
 v - 3 scrolls of enchant weapon
 w - a scroll of acquirement {unknown}
 y - 2 scrolls of magic mapping
Potions
 h - 2 potions of brilliance
 k - a potion of haste
 s - 3 potions of resistance
 t - 2 potions of mutation
Comestibles
 f - 13 rations
 r - 17 chunks of flesh


   Skills:
 - Level 6.7 Fighting
 * Level 9.6 Axes
 - Level 2.3 Crossbows
 + Level 7.3 Armour
 + Level 1.4 Dodging
 + Level 8.8 Shields
 + Level 1.5 Invocations


You had 9 spell levels left.
You didn't know any spells.
Your spell library contained the following spells:

 Spells                   Type           Power        Failure   Level  Hunger
 Animate Skeleton         Necr           N/A          100%        1    ##.....
 Apportation              Tloc           #.....       100%        1    ##.....
 Confusing Touch          Hex            #.....       100%        1    ##.....
 Freeze                   Ice            #...         100%        1    ##.....
 Summon Small Mammal      Summ           #...         100%        1    ##.....
 Throw Frost              Conj/Ice       #.....       100%        2    ###....
 Confuse                  Hex            #.......     100%        3    ####...
 Gell's Gravitas          Tloc           #.........   100%        3    ####...
 Ozocubu's Armour         Chrm/Ice       #.......     100%        3    ####...
 Spider Form              Tmut/Pois      #.........   100%        3    ####...
 Summon Guardian Golem    Hex/Summ       #.......     100%        3    ####...
 Petrify                  Tmut/Erth      #.......     100%        4    #####..
 Summon Ice Beast         Ice/Summ       #.......     100%        4    #####..
 Throw Icicle             Conj/Ice       #.......     100%        4    #####..
 Metabolic Englaciation   Hex/Ice        #.........   100%        5    ######.
 Yara's Violent Unravell  Hex/Tmut       #.........   100%        5    ######.
 Spellforged Servitor     Conj/Summ      #.........   100%        7    #######
 Summon Hydra             Summ           #.........   100%        7    #######


Dungeon Overview and Level Annotations

Branches:
Dungeon (9/15)             Temple (1/1) D:6            Lair (0/6) D:8
    Orc: D:9-12

Altars:
Ashenzari
Dithmenos
Elyvilon
Fedhas
Gozag
Kikubaaqudgha
Makhleb
Nemelex Xobeh
Okawaru
Qazlal
Ru
Sif Muna
Trog
Vehumet
Wu Jian
Xom
Yredelemnul
Zin
The Shining One

Shops:
D:7 (


Innate Abilities, Weirdness & Mutations

You are resistant to torment.
Your stone body is resilient. (AC +7)
You are immune to poison.
You resist negative energy. (rN+)
You are resistant to electric shocks. (rElec)
You can survive without breathing.
You are immune to petrification.
You are immune to rotting.


Message History

Your shield and plate armour prevent you from hitting the wyvern.
The wyvern is moderately wounded.
The bullfrog gives a loud, deep croak!
You block the wyvern's attack. The wyvern closely misses you.
You slash the wyvern!
The wyvern is severely wounded.
You hit the ogre.
The wyvern bites you but does no damage.
You block the ogre's attack. The wyvern bites you.
You slash the ogre!
The ogre is severely wounded.
You hit the wyvern but do no damage. You block the wyvern's attack.
The ogre hits you but does no damage.
You completely miss the ogre.
The ogre is severely wounded.
You hit the wyvern but do no damage. The wyvern barely misses you.
The wyvern bites you but does no damage.
You block the bullfrog's attack.
The ogre hits you with a +0 giant club!!
You die...

###### ...
#.....# ..#
.......#..#
..........#
..........##
...........#
......l....#...
.......@.....#
......FO....##
....>.......#
............#
......).....#
............#
.............
..............


You could see a wyvern, an ogre and a bullfrog.

Vanquished Creatures
  Harold (D:7)
  Pikel (D:7)
  An orc knight (Bailey)
  A hippogriff (D:7)
  12 orc warriors
  The ghost of Nuz the Chopper, an amateur MiBe of Trog (D:4)
  3 phantoms
  4 slaves (D:7)
  2 ogres
  A centaur (D:7)
  A big kobold (D:8)
  4 bullfrogs
  2 scorpions
  3 howler monkeys
  A crimson imp (D:7)
  4 hounds
  Crazy Yiuf (D:6)
  2 jellies
  3 orc priests
  2 bullfrog skeletons
  2 centaur skeletons
  6 orc wizards
  5 iguanas
  Ijyb (D:3)
  4 worker ants
  2 hound skeletons (D:6)
  7 gnolls
  14 adders
  3 river rats (D:3)
  2 shadow imps
  An ooze (D:1)
  2 worms
  3 dart slugs
  4 leopard geckos
  49 orcs
  3 ball pythons
  9 giant cockroaches
  6 goblins
  7 hobgoblins
  18 jackals
  A quokka (D:6)
  9 bats
  3 frilled lizards
  A giant cockroach zombie (D:6)
  16 kobolds
  A leopard gecko skeleton (D:5)
  A quokka zombie (D:5)
  4 rats
234 creatures vanquished.

Vanquished Creatures (others)
  2 withered plants (D:4)
2 creatures vanquished.

Grand Total: 236 creatures vanquished

Notes
Turn   | Place    | Note
-------+----------+-------------------------------------------
     0 | D:1      | Borgoz the Gargoyle Fighter began the quest for the Orb.
     0 | D:1      | Reached XP level 1. HP: 14/14 MP: 1/1
    49 | D:1      | Reached XP level 2. HP: 19/19 MP: 2/2
    69 | D:1      | Reached skill level 2 in Axes
   447 | D:1      | Reached XP level 3. HP: 24/24 MP: 3/3
  1065 | D:2      | Reached XP level 4. HP: 29/29 MP: 4/4
  1572 | D:3      | Reached skill level 3 in Axes
  1575 | D:3      | Reached XP level 5. HP: 28/33 MP: 5/5
  1660 | D:3      | Noticed Ijyb
  1684 | D:3      | Killed Ijyb
  1909 | D:3      | Found a glowing drain.
  2170 | D:3      | Found an opulent altar of Gozag.
  2171 | D:3      | Found a sparkling altar of Nemelex Xobeh.
  2269 | D:4      | Reached XP level 6. HP: 38/38 MP: 6/6
  2492 | D:4      | Found a runed translucent door.
  2492 | D:4      | Noticed Nuz's ghost (amateur MiBe)
  2512 | D:4      | Found the ring of the Octopus King
  2520 | D:4      | Got a ring of the Octopus King
  2521 | D:4      | Identified a ring of the Octopus King {rCorr AC+1 EV+1
                  | Str+1 Int+1 Dex+1} (You found it on level 4 of the Dungeon)
  2564 | D:4      | Reached skill level 4 in Axes
  2598 | D:4      | Found a blossoming altar of Fedhas.
  2715 | D:4      | Found an ornate altar of the Wu Jian Council.
  3412 | D:5      | Entered Level 5 of the Dungeon
  3596 | D:5      | Reached skill level 5 in Shields
  3596 | D:5      | Reached XP level 7. HP: 41/44 MP: 7/7
  3804 | D:5      | Reached skill level 5 in Axes
  4365 | D:5      | Reached skill level 5 in Armour
  4500 | D:6      | Found a staircase to the Ecumenical Temple.
  4517 | D:6      | Reached XP level 8. HP: 48/48 MP: 8/8
  4522 | Temple   | Entered the Ecumenical Temple
  4569 | Temple   | Became a worshipper of Warmaster Okawaru
  4596 | D:6      | Reached skill level 5 in Fighting
  4680 | D:6      | Found a runed translucent door.
  4681 | D:6      | Noticed Crazy Yiuf
  4688 | D:6      | Killed Crazy Yiuf
  4837 | D:4      | Killed Nuz's ghost
  5023 | D:6      | Reached skill level 6 in Axes
  5028 | D:6      | Reached * piety under Okawaru
  5772 | D:7      | Noticed Pikel
  5822 | D:7      | Killed Pikel
  5822 | D:7      | Reached ** piety under Okawaru
  5822 | D:7      | Reached skill level 7 in Axes
  5822 | D:7      | Reached XP level 9. HP: 55/55 MP: 9/9
  5844 | D:7      | Reached skill level 1 in Dodging
  5920 | D:7      | Found Hoju's Weapon Shop.
  5930 | D:7      | Found a flagged portal.
  6001 | Bailey   | Entered a bailey
  6303 | Bailey   | HP: 1/55 [orc warrior/bolt (14)]
  6785 | Bailey   | Reached skill level 8 in Axes
  6874 | Bailey   | Noticed an orc knight
  6889 | Bailey   | Killed an orc knight
  6889 | Bailey   | Reached *** piety under Okawaru
  6896 | Bailey   | Identified Pecsol's Catalogue of the Worm
  7625 | Bailey   | Reached XP level 10. HP: 60/60 MP: 10/10
  7973 | Bailey   | Reached skill level 1 in Crossbows
  8285 | D:7      | Reached skill level 9 in Axes
  8568 | D:7      | Noticed Harold
  8586 | D:7      | Killed Harold
  8586 | D:7      | Reached **** piety under Okawaru
  8709 | D:8      | Noticed a death yak
  8710 | D:8      | Found a staircase to the Lair.
  8710 | D:8      | Noticed a death yak
  8710 | D:8      | Noticed a death yak
  8933 | D:8      | Reached skill level 1 in Invocations
  9372 | D:9      | Slain by an ogre

Levels and vault maps discovered:
D:1:      doesnt_arrival_eight_statues, layout_rooms, minmay_misc_feat_alley,
          minmay_misc_feat_doors, chequers_serial_rivers_micro_c,
          minmay_misc_feat_encased
D:2:      layout_loops_cross, kennysheep_big_empty_room
D:3:      layout_loops_ring, nicolae_overflow_hidden_temple,
          gup_sewer_entry_bubbles, first_ration, grunt_decor_one_mirror,
          uniq_ijyb
D:4:      layout_basic, overflow_temple_1_default, gammafunk_ghost_grave,
          fedhas_altar_4
D:5:      layout_basic
D:6:      layout_loops_ring, minmay_temple_entry_grid, roderic_serpentine_path,
          uniq_crazy_yiuf_cottage
D:7:      layout_basic, serial_shops, nicolae_shop_behind_doors, enter_bailey_2,
          uniq_pikel, uniq_harold
D:8:      layout_loops_corners, dpeg_lair_monsters, grunt_livestock,
          corexii_corridor_pit
D:9:      layout_layer_cave, kennysheep_mini, erik_orc_4, palyth_stone_intersect
Temple:   minmay_freezing_vapour_temple
Bailey:   bailey_polearm_2, bailey

Skill      XL: |  1  2  3  4  5  6  7  8  9 10 |
---------------+-------------------------------+-----
Axes           | 2 3 4 5 7 8 9 |  9.6
Shields        | 4 5 6 8 |  8.8
Fighting       | 4 5 6 |  6.7
Armour         | 4 5 6 7 |  7.3
Dodging        | 1 |  1.4
Crossbows      | 2 |  2.3
Invocations    | 1 |  1.5

Action                   |  1- 3 |  4- 6 |  7- 9 | 10-12 || total
-------------------------+-------+-------+-------+-------++-------
Melee: War axe           |   110 |   329 |   437 |   214 ||  1090
 Fire: Arbalest          |       |       |     5 |    22 ||    27
Invok: Heroism           |       |       |     2 |     2 ||     4
  Use: Scroll            |       |     2 |     8 |       ||    10
       Potion            |       |     2 |     5 |       ||     7
  Eat: Chunk             |       |    10 |    14 |     6 ||    30
Armor: Scale mail        |    32 |       |       |       ||    32
       Plate armour      |    50 |   290 |   330 |   111 ||   781
Dodge: Dodged            |    32 |    52 |   126 |    47 ||   257
Block: Shield            |    69 |   217 |   310 |    90 ||   686

Table legend:
 A = Non-vault XP
 B = Vault XP
 C = Vault XP percentage of total XP
 D = Non-vault monster count
 E = Vault monster count
 F = Vault count percentage of total count
                 A         B        C        D         E       F
            +---------+---------+-------+---------+---------+-------
      Total |    3764 |    3805 |  50.3 |     191 |      39 |  17.0
            +---------+---------+-------+---------+---------+-------
        D:1 |      44 |       0 |   0.0 |      22 |       0 |   0.0
        D:2 |      62 |       0 |   0.0 |      26 |       0 |   0.0
        D:3 |     127 |      84 |  39.8 |      31 |       9 |  22.5
        D:4 |     272 |     127 |  31.8 |      13 |       1 |   7.1
        D:5 |     590 |       0 |   0.0 |      21 |       0 |   0.0
        D:6 |     711 |      42 |   5.6 |      26 |       1 |   3.7
        D:7 |    1025 |    1591 |  60.8 |      23 |       2 |   8.0
        D:8 |     933 |       0 |   0.0 |      29 |       0 |   0.0
     Bailey |       0 |    1961 | 100.0 |       0 |      26 | 100.0
            +---------+---------+-------+---------+---------+-------
